Connexion

Senators vs Eagles

Created - 13 janvier 2024 at 06:11

Goals
1 2 3 T
Senators 0 1 3 4
Eagles 4 1 0 5
Shots
1 2 3 T
Senators 9 6 13 28
Eagles 15 14 14 43

GoalsPenalties
1st period
1. Eagles , William Lockwood 13 (Mark Giordano 20, Leo Komarov 21) at 3:43
2. Eagles , Tyler Bozak 16 (Niklas Hansson 5, Mark Giordano 21) at 6:59
3. Eagles , Tyler Bozak 17 (Daniel Audette 10, Mark Giordano 22) at 11:59
4. Eagles , William Lockwood 14 (Leo Komarov 22, Mark Giordano 23) at 17:35 (PP)
Antoine Roussel (BEL) for Roughing (Minor) at 4:56
Antoine Roussel (BEL) for Delaying the game (Minor) at 16:44
2nd period
5. Senators , Antoine Roussel 3 (Akil Thomas 18, Zac Jones 23) at 2:45 (PP)
6. Eagles , Leo Komarov 13 (William Lockwood 17, Kris Russell 20) at 16:57
Dan Renouf (COL) for Roughing (Minor) at 2:33
Marc-Edouard Vlasic (COL) for Tripping (Minor) at 5:04
3rd period
7. Senators , Aleksi Heponiemi 11 (Ben Jones 10, Zac Jones 24) at 5:26
8. Senators , Layton Ahac 7 (Adam Beckman 22, Martin Chromiak 4) at 10:32
9. Senators , Antoine Roussel 4 (Aliaksei Protas 33, Zac Jones 25) at 19:30
Cooper Marody (COL) for Tripping (Minor) at 0:13
Goalie Stats
Filip Larsson (BEL), 29 saves from 30 shots - (0,967), L, 1-7-2, 42:25 minutes
Leevi Merilainen (BEL), 9 saves from 13 shots - (0,692), 17:35 minutes
Cory Schneider (COL), 24 saves from 28 shots - (0,857), W, 24-24-8, 60:00 minutes
3 StarsOfficial
1 - William Lockwood (COL)
2 - Mark Giordano (COL)
3 - Leo Komarov (COL)
Referees : Gord Dwyer and Dan O'Halloran
Linesman : Brian Mach and Thor Nelson
Game Note
Filip Larsson enters game at 17:35 of 1st period
Finance
Level 1 -- Attendance: 1317 (65,85%) -- Ticket Income $52,680
Level 2 -- Attendance: 638 (63,80%) -- Ticket Income $15,950
Total Attendance: 1955 (65,17%)
Total Ticket Income: $68,630
Other Income: $13,726
Total Income: $82,356



Team Name Goals Shots Shots Attemp Shots Blocked PIM HIT PP PK FO%
Senators 42867144151 / 3 (33%)141%
Eagles 54386106261 / 2 (50%)159%

Senators
Player Name POS G A P +/- PIM HIT SHT SB MP PP MP PP SHT PK MP PK SHT FO% FOT
Adam BeckmanC/LW011-1013115:580:0000:00044% 18
Akil ThomasC/RW0110001120:372:2600:4500% 0
Aleksi HeponiemiC/LW/RW1011002019:001:4400:2800% 0
Aliaksei ProtasC011-1012024:352:2601:55043% 37
Antoine RousselLW/RW2020444119:502:2610:0000% 0
Ben JonesC0111015019:171:4430:45042% 26
Ian MitchellD0001010125:442:2601:5100% 0
Jack RathboneD000-2010319:251:4400:5900% 0
Jamieson ReesC000-100104:350:0001:47038% 8
Joey KeaneD000-2013119:251:4410:5900% 0
Layton AhacD1010002214:510:0000:0000% 0
Linus WeissbachLW000-100002:480:0000:0000% 0
Martin ChromiakLW/RW011-1022015:580:0000:0000% 3
Ryan MerkleyD0000001214:510:0000:0000% 0
Theodor NiederbachC/RW000-1001015:580:0000:0000% 0
Tyler MaddenC000000000:000:0000:0000% 0
Wade AllisonRW0001011018:321:4400:00050% 2
Zac JonesD0331020225:442:2601:5100% 0
Eagles
Player Name POS G A P +/- PIM HIT SHT SB MP PP MP PP SHT PK MP PK SHT FO% FOT
Brayden BurkeC/LW/RW000-100209:440:0000:000100% 1
Cooper MarodyC/RW000-2234019:131:1710:0000% 1
Dan RenoufD0001231119:551:0001:3300% 0
Daniel AudetteC011000005:180:3400:00025% 4
David GustafssonC000-1035126:460:4302:14058% 19
Gage GoncalvesC000000000:000:0000:0000% 0
Jacob PetersonC/LW000-2005019:141:1700:0000% 0
Kris RussellD0111041226:221:5002:3700% 0
Leo KomarovLW1232026018:351:3310:0000% 0
Luke GlendeningC/RW0002011128:211:3302:21061% 38
Marc-Edouard VlasicD0001201025:051:5001:2100% 0
Mark GiordanoD0441041020:111:0001:3600% 0
Matej PaulovicLW000200108:170:0000:000100% 1
Niklas HanssonD011-1000114:430:0001:1300% 0
Radek FaksaC000-1012011:180:0001:34057% 14
Ty EmbersonD000-1011313:420:0000:0000% 0
Tyler BozakC202200508:540:0000:37067% 15
William LockwoodRW2132047120:091:3321:3400% 1



Play-by-Play

1st period


0:01 of 1st period - Aliaksei Protas wins face-off versus Luke Glendening in neutral zone.
0:06 of 1st period - Shot by Akil Thomas.
0:06 of 1st period - Deflect By Aliaksei Protas.
0:06 of 1st period - Shot Misses the Net.
0:34 of 1st period - Shot by Leo Komarov.
0:34 of 1st period - Shot Misses the Net.
0:36 of 1st period - Shot by William Lockwood.
0:36 of 1st period - Shot Blocked by Zac Jones.
0:38 of 1st period - Shot by Marc-Edouard Vlasic.
0:38 of 1st period - Shot Blocked by Antoine Roussel.
0:40 of 1st period - Shot by Luke Glendening.
0:40 of 1st period - Shot Misses the Net.
1:21 of 1st period - Icing by Ben Jones.
1:22 of 1st period - Ben Jones wins face-off versus Radek Faksa in Senators zone.
2:23 of 1st period - Shot by Tyler Bozak.
2:23 of 1st period - Deflect By David Gustafsson.
2:23 of 1st period - Stopped by Leevi Merilainen with a rebound.
2:31 of 1st period - Shot by Tyler Bozak.
2:31 of 1st period - Shot Hit the Post.
3:13 of 1st period - Icing by Zac Jones.
3:14 of 1st period - Jamieson Rees wins face-off versus Luke Glendening in Senators zone.
3:19 of 1st period - Shot by Aliaksei Protas.
3:19 of 1st period - Stopped by Cory Schneider with a rebound.
3:35 of 1st period - Shot by William Lockwood.
3:35 of 1st period - Shot Blocked by Ian Mitchell.
3:37 of 1st period - Shot by Leo Komarov.
3:37 of 1st period - Stopped by Leevi Merilainen with a rebound.
3:39 of 1st period - Shot by Mark Giordano.
3:39 of 1st period - Shot Misses the Net.
3:41 of 1st period - Shot by William Lockwood.
3:41 of 1st period - Shot Blocked by Zac Jones.
3:43 of 1st period - Shot by William Lockwood.
3:43 of 1st period - Goal by William Lockwood - Senators : 0 - Eagles : 1.
3:44 of 1st period - Ben Jones wins face-off versus David Gustafsson in neutral zone.
4:04 of 1st period - Shot by Ben Jones.
4:04 of 1st period - Shot Blocked by Ty Emberson.
4:44 of 1st period - Shot by Radek Faksa.
4:44 of 1st period - Stopped by Leevi Merilainen without a rebound.
4:45 of 1st period - Aliaksei Protas wins face-off versus Luke Glendening in Senators zone.
4:54 of 1st period - Shot by Akil Thomas.
4:54 of 1st period - Stopped by Cory Schneider without a rebound.
4:55 of 1st period - Radek Faksa wins face-off versus Aliaksei Protas in Eagles zone.
4:55 of 1st period - Kris Russell is hit by Antoine Roussel.
4:56 of 1st period - Minor Penalty to Antoine Roussel for Roughing.
4:57 of 1st period - Aliaksei Protas wins face-off versus Luke Glendening in Senators zone.
5:14 of 1st period - Shot by Leo Komarov.
5:14 of 1st period - Stopped by Leevi Merilainen without a rebound.
5:15 of 1st period - David Gustafsson wins face-off versus Aliaksei Protas in Senators zone.
5:41 of 1st period - Shot by Cooper Marody.
5:41 of 1st period - Stopped by Leevi Merilainen without a rebound.
5:42 of 1st period - Luke Glendening wins face-off versus Aliaksei Protas in Senators zone.
5:43 of 1st period - Shot by William Lockwood.
5:43 of 1st period - Stopped by Leevi Merilainen without a rebound.
5:44 of 1st period - Aliaksei Protas wins face-off versus Luke Glendening in Senators zone.
6:34 of 1st period - Luke Glendening is hit by Ian Mitchell and loses puck.
6:57 of 1st period - Shot by Niklas Hansson.
6:57 of 1st period - Shot Misses the Net.
6:59 of 1st period - Shot by Tyler Bozak.
6:59 of 1st period - Goal by Tyler Bozak - Senators : 0 - Eagles : 2.
7:00 of 1st period - Matej Paulovic wins face-off versus Adam Beckman in neutral zone.
7:13 of 1st period - Shot by Martin Chromiak.
7:13 of 1st period - Shot Misses the Net.
7:17 of 1st period - Shot by Martin Chromiak.
7:17 of 1st period - Shot Blocked by Niklas Hansson.
7:20 of 1st period - Adam Beckman is hit by Ty Emberson and loses puck.
7:35 of 1st period - Shot by Adam Beckman.
7:35 of 1st period - Shot Blocked by Ty Emberson.
7:54 of 1st period - Icing by Zac Jones.
7:55 of 1st period - Ben Jones wins face-off versus Radek Faksa in Senators zone.
8:19 of 1st period - Off-side.
8:20 of 1st period - Aliaksei Protas wins face-off versus Luke Glendening in neutral zone.
8:22 of 1st period - Jack Rathbone is hit by William Lockwood and loses puck.
8:35 of 1st period - Shot by Akil Thomas.
8:35 of 1st period - Shot Misses the Net.
8:37 of 1st period - Shot by Antoine Roussel.
8:37 of 1st period - Stopped by Cory Schneider without a rebound.
8:38 of 1st period - Adam Beckman wins face-off versus Cooper Marody in Eagles zone.
9:01 of 1st period - Shot by Martin Chromiak.
9:01 of 1st period - Shot Misses the Net.
9:11 of 1st period - Shot by Adam Beckman.
9:11 of 1st period - Stopped by Cory Schneider without a rebound.
9:12 of 1st period - Luke Glendening wins face-off versus Aliaksei Protas in Eagles zone.
9:24 of 1st period - Akil Thomas is hit by Dan Renouf and loses puck.
9:40 of 1st period - Icing by Dan Renouf.
9:41 of 1st period - Luke Glendening wins face-off versus Ben Jones in Eagles zone.
9:54 of 1st period - Ben Jones is hit by Leo Komarov and loses puck.
10:54 of 1st period - Akil Thomas is hit by David Gustafsson and loses puck.
11:33 of 1st period - Shot by Brayden Burke.
11:33 of 1st period - Stopped by Leevi Merilainen without a rebound.
11:34 of 1st period - Adam Beckman wins face-off versus Tyler Bozak in Senators zone.
11:43 of 1st period - Shot by Tyler Bozak.
11:43 of 1st period - Shot Blocked by Jack Rathbone.
11:59 of 1st period - Shot by Tyler Bozak.
11:59 of 1st period - Goal by Tyler Bozak - Senators : 0 - Eagles : 3.
12:00 of 1st period - Luke Glendening wins face-off versus Ben Jones in neutral zone.
12:05 of 1st period - Shot by Leo Komarov.
12:05 of 1st period - Shot Blocked by Layton Ahac.
13:06 of 1st period - Shot by Cooper Marody.
13:06 of 1st period - Stopped by Leevi Merilainen without a rebound.
13:07 of 1st period - Aliaksei Protas wins face-off versus Tyler Bozak in Senators zone.
13:33 of 1st period - Icing by Zac Jones.
13:34 of 1st period - Luke Glendening wins face-off versus Aliaksei Protas in Senators zone.
13:34 of 1st period - Luke Glendening is hit by Zac Jones.
13:37 of 1st period - William Lockwood is hit by Zac Jones and loses puck.
13:40 of 1st period - Shot by Leo Komarov.
13:40 of 1st period - Stopped by Leevi Merilainen with a rebound.
13:43 of 1st period - Icing by Zac Jones.
13:44 of 1st period - Radek Faksa wins face-off versus Aliaksei Protas in Senators zone.
13:54 of 1st period - Icing by Ian Mitchell.
13:55 of 1st period - Aliaksei Protas wins face-off versus David Gustafsson in Senators zone.
14:39 of 1st period - Shot by Adam Beckman.
14:39 of 1st period - Shot Misses the Net.
14:49 of 1st period - Shot by Martin Chromiak.
14:49 of 1st period - Deflect By Adam Beckman.
14:49 of 1st period - Stopped by Cory Schneider with a rebound.
14:51 of 1st period - Shot by Martin Chromiak.
14:51 of 1st period - Shot Misses the Net.
15:40 of 1st period - Aleksi Heponiemi is hit by Mark Giordano and loses puck.
15:55 of 1st period - Ian Mitchell is hit by William Lockwood and loses puck.
16:14 of 1st period - Shot by Jamieson Rees.
16:14 of 1st period - Stopped by Cory Schneider without a rebound.
16:15 of 1st period - Aliaksei Protas wins face-off versus Radek Faksa in Eagles zone.
16:38 of 1st period - Ty Emberson is hit by Antoine Roussel and loses puck.
16:44 of 1st period - Minor Penalty to Antoine Roussel for Delaying the game.
16:45 of 1st period - Jamieson Rees wins face-off versus Daniel Audette in Senators zone.
17:29 of 1st period - Mark Giordano is hit by Joey Keane.
17:33 of 1st period - Shot by Leo Komarov.
17:33 of 1st period - Shot Hit the Post.
17:35 of 1st period - Shot by William Lockwood.
17:35 of 1st period - Goal by William Lockwood - Senators : 0 - Eagles : 4.
17:35 of 1st period - Filip Larsson enters game.
17:36 of 1st period - Tyler Bozak wins face-off versus Adam Beckman in neutral zone.
17:48 of 1st period - Shot by Martin Chromiak.
17:48 of 1st period - Stopped by Cory Schneider without a rebound.
17:49 of 1st period - Radek Faksa wins face-off versus Ben Jones in Eagles zone.
17:51 of 1st period - Icing by Brayden Burke.
17:52 of 1st period - Radek Faksa wins face-off versus Ben Jones in Eagles zone.
17:52 of 1st period - Radek Faksa is hit by Wade Allison.
18:08 of 1st period - Shot by Aleksi Heponiemi.
18:08 of 1st period - Stopped by Cory Schneider with a rebound.
18:19 of 1st period - Shot by Ben Jones.
18:19 of 1st period - Stopped by Cory Schneider without a rebound.
18:20 of 1st period - Adam Beckman wins face-off versus David Gustafsson in Eagles zone.
18:25 of 1st period - Shot by Adam Beckman.
18:25 of 1st period - Shot Misses the Net.
18:57 of 1st period - Shot by Cooper Marody.
18:57 of 1st period - Stopped by Filip Larsson with a rebound.
18:59 of 1st period - Shot by Cooper Marody.
18:59 of 1st period - Shot Misses the Net.
19:03 of 1st period - Shot by Jacob Peterson.
19:03 of 1st period - Stopped by Filip Larsson without a rebound.
19:04 of 1st period - Aliaksei Protas wins face-off versus Luke Glendening in Senators zone.
19:14 of 1st period - Antoine Roussel is hit by Dan Renouf and loses puck.
19:34 of 1st period - Shot by Antoine Roussel.
19:34 of 1st period - Shot Misses the Net.
Goals for this period are 0 for Senators vs 4 for Eagles.
Shots for this period are 9 for Senators vs 15 for Eagles.

2nd period


0:01 of 2nd period - Luke Glendening wins face-off versus Aliaksei Protas in neutral zone.
0:18 of 2nd period - Shot by William Lockwood.
0:18 of 2nd period - Stopped by Filip Larsson without a rebound.
0:19 of 2nd period - David Gustafsson wins face-off versus Wade Allison in Senators zone.
0:53 of 2nd period - Wade Allison is hit by Mark Giordano.
1:06 of 2nd period - Icing by Cooper Marody.
1:07 of 2nd period - David Gustafsson wins face-off versus Aliaksei Protas in Eagles zone.
1:19 of 2nd period - Icing by Dan Renouf.
1:20 of 2nd period - David Gustafsson wins face-off versus Adam Beckman in Eagles zone.
1:20 of 2nd period - David Gustafsson is hit by Martin Chromiak.
1:42 of 2nd period - Shot by Martin Chromiak.
1:42 of 2nd period - Shot Misses the Net.
1:50 of 2nd period - Shot by Adam Beckman.
1:50 of 2nd period - Shot Misses the Net.
2:05 of 2nd period - Icing by Mark Giordano.
2:06 of 2nd period - Aliaksei Protas wins face-off versus David Gustafsson in Eagles zone.
2:06 of 2nd period - Akil Thomas is hit by Mark Giordano and loses puck.
2:14 of 2nd period - Icing by Mark Giordano.
2:15 of 2nd period - Aliaksei Protas wins face-off versus David Gustafsson in Eagles zone.
2:15 of 2nd period - Zac Jones is hit by Mark Giordano and loses puck.
2:19 of 2nd period - Aliaksei Protas is hit by Dan Renouf and loses puck.
2:33 of 2nd period - Minor Penalty to Dan Renouf for Roughing.
2:34 of 2nd period - Ben Jones wins face-off versus Radek Faksa in Eagles zone.
2:35 of 2nd period - Shot by Aleksi Heponiemi.
2:35 of 2nd period - Shot Misses the Net.
2:37 of 2nd period - Shot by Ben Jones.
2:37 of 2nd period - Stopped by Cory Schneider without a rebound.
2:38 of 2nd period - Aliaksei Protas wins face-off versus Luke Glendening in Eagles zone.
2:41 of 2nd period - Shot by Akil Thomas.
2:41 of 2nd period - Shot Blocked by Luke Glendening.
2:43 of 2nd period - Shot by Antoine Roussel.
2:43 of 2nd period - Deflect By Akil Thomas.
2:43 of 2nd period - Shot Misses the Net.
2:45 of 2nd period - Shot by Antoine Roussel.
2:45 of 2nd period - Goal by Antoine Roussel - Senators : 1 - Eagles : 4.
2:46 of 2nd period - Luke Glendening wins face-off versus Aliaksei Protas in neutral zone.
3:56 of 2nd period - Shot by Brayden Burke.
3:56 of 2nd period - Shot Blocked by Joey Keane.
3:58 of 2nd period - Shot by Niklas Hansson.
3:58 of 2nd period - Shot Misses the Net.
4:00 of 2nd period - Shot by Radek Faksa.
4:00 of 2nd period - Stopped by Filip Larsson without a rebound.
4:01 of 2nd period - Adam Beckman wins face-off versus Tyler Bozak in Senators zone.
4:16 of 2nd period - Icing by Mark Giordano.
4:17 of 2nd period - Tyler Bozak wins face-off versus Ben Jones in Eagles zone.
4:26 of 2nd period - Shot by David Gustafsson.
4:26 of 2nd period - Stopped by Filip Larsson without a rebound.
4:27 of 2nd period - Luke Glendening wins face-off versus Martin Chromiak in Senators zone.
4:44 of 2nd period - Shot by William Lockwood.
4:44 of 2nd period - Shot Misses the Net.
4:53 of 2nd period - Jack Rathbone is hit by Luke Glendening and loses puck.
5:03 of 2nd period - Martin Chromiak is hit by Kris Russell.
5:04 of 2nd period - Minor Penalty to Marc-Edouard Vlasic for Tripping.
5:05 of 2nd period - Luke Glendening wins face-off versus Aliaksei Protas in Eagles zone.
5:05 of 2nd period - Luke Glendening is hit by Aliaksei Protas.
5:57 of 2nd period - Icing by Jack Rathbone.
5:58 of 2nd period - Ben Jones wins face-off versus Luke Glendening in Senators zone.
5:58 of 2nd period - Ben Jones is hit by David Gustafsson.
6:08 of 2nd period - Shot by Joey Keane.
6:08 of 2nd period - Shot Blocked by Kris Russell.
6:10 of 2nd period - Shot by Jack Rathbone.
6:10 of 2nd period - Shot Misses the Net.
6:12 of 2nd period - Shot by Ben Jones.
6:12 of 2nd period - Shot Misses the Net.
6:14 of 2nd period - Shot by Ben Jones.
6:14 of 2nd period - Stopped by Cory Schneider without a rebound.
6:15 of 2nd period - Tyler Bozak wins face-off versus Ben Jones in Eagles zone.
7:57 of 2nd period - Shot by Brayden Burke.
7:57 of 2nd period - Shot Blocked by Ryan Merkley.
8:11 of 2nd period - Shot by Brayden Burke.
8:11 of 2nd period - Shot Misses the Net.
8:30 of 2nd period - Shot by Leo Komarov.
8:30 of 2nd period - Deflect By Daniel Audette.
8:30 of 2nd period - Shot Blocked by Adam Beckman.
8:36 of 2nd period - Shot by Leo Komarov.
8:36 of 2nd period - Shot Misses the Net.
8:38 of 2nd period - Shot by Marc-Edouard Vlasic.
8:38 of 2nd period - Stopped by Filip Larsson with a rebound.
9:08 of 2nd period - Shot by Tyler Bozak.
9:08 of 2nd period - Deflect By David Gustafsson.
9:08 of 2nd period - Shot Misses the Net.
9:24 of 2nd period - Shot by Antoine Roussel.
9:24 of 2nd period - Shot Misses the Net.
9:44 of 2nd period - Shot by Brayden Burke.
9:44 of 2nd period - Stopped by Filip Larsson without a rebound.
9:45 of 2nd period - Luke Glendening wins face-off versus Ben Jones in Senators zone.
9:46 of 2nd period - Shot by Leo Komarov.
9:46 of 2nd period - Shot Blocked by Jack Rathbone.
9:48 of 2nd period - Shot by Luke Glendening.
9:48 of 2nd period - Shot Misses the Net.
9:50 of 2nd period - Shot by Luke Glendening.
9:50 of 2nd period - Shot Misses the Net.
9:52 of 2nd period - Shot by William Lockwood.
9:52 of 2nd period - Stopped by Filip Larsson with a rebound.
9:54 of 2nd period - Shot by Marc-Edouard Vlasic.
9:54 of 2nd period - Shot Misses the Net.
9:58 of 2nd period - Shot by Leo Komarov.
9:58 of 2nd period - Stopped by Filip Larsson without a rebound.
9:59 of 2nd period - Radek Faksa wins face-off versus Ben Jones in Senators zone.
10:00 of 2nd period - Shot by Luke Glendening.
10:00 of 2nd period - Shot Misses the Net.
10:14 of 2nd period - Shot by Ty Emberson.
10:14 of 2nd period - Shot Misses the Net.
10:55 of 2nd period - Icing by Joey Keane.
10:56 of 2nd period - Ben Jones wins face-off versus Tyler Bozak in Senators zone.
11:34 of 2nd period - Icing by Aliaksei Protas.
11:35 of 2nd period - Luke Glendening wins face-off versus Aliaksei Protas in Senators zone.
12:34 of 2nd period - Shot by Ryan Merkley.
12:34 of 2nd period - Stopped by Cory Schneider without a rebound.
12:35 of 2nd period - Daniel Audette wins face-off versus Ben Jones in Eagles zone.
12:51 of 2nd period - Off-side.
12:52 of 2nd period - Tyler Bozak wins face-off versus Jamieson Rees in neutral zone.
12:59 of 2nd period - Shot by Tyler Bozak.
12:59 of 2nd period - Shot Misses the Net.
13:01 of 2nd period - Shot by Tyler Bozak.
13:01 of 2nd period - Deflect By Matej Paulovic.
13:01 of 2nd period - Stopped by Filip Larsson without a rebound.
13:02 of 2nd period - Ben Jones wins face-off versus David Gustafsson in Senators zone.
13:02 of 2nd period - Ben Jones is hit by Cooper Marody.
13:19 of 2nd period - Aleksi Heponiemi is hit by Kris Russell and loses puck.
14:01 of 2nd period - Icing by Ty Emberson.
14:02 of 2nd period - Aliaksei Protas wins face-off versus Luke Glendening in Eagles zone.
14:17 of 2nd period - Ty Emberson is hit by Antoine Roussel and loses puck.
14:49 of 2nd period - Icing by Matej Paulovic.
14:50 of 2nd period - Tyler Bozak wins face-off versus Adam Beckman in Eagles zone.
14:57 of 2nd period - Shot by Layton Ahac.
14:57 of 2nd period - Stopped by Cory Schneider with a rebound.
15:03 of 2nd period - Shot by Martin Chromiak.
15:03 of 2nd period - Shot Misses the Net.
15:05 of 2nd period - Shot by Adam Beckman.
15:05 of 2nd period - Shot Blocked by Dan Renouf.
15:11 of 2nd period - Shot by Martin Chromiak.
15:11 of 2nd period - Deflect By Theodor Niederbach.
15:11 of 2nd period - Stopped by Cory Schneider without a rebound.
15:12 of 2nd period - Radek Faksa wins face-off versus Ben Jones in Eagles zone.
16:20 of 2nd period - Shot by Jacob Peterson.
16:20 of 2nd period - Stopped by Filip Larsson without a rebound.
16:21 of 2nd period - Luke Glendening wins face-off versus Aliaksei Protas in Senators zone.
16:24 of 2nd period - Shot by William Lockwood.
16:24 of 2nd period - Stopped by Filip Larsson without a rebound.
16:25 of 2nd period - Luke Glendening wins face-off versus Aliaksei Protas in Senators zone.
16:29 of 2nd period - Icing by Antoine Roussel.
16:30 of 2nd period - Luke Glendening wins face-off versus Aliaksei Protas in Senators zone.
16:53 of 2nd period - Shot by William Lockwood.
16:53 of 2nd period - Shot Blocked by Akil Thomas.
16:57 of 2nd period - Shot by Leo Komarov.
16:57 of 2nd period - Goal by Leo Komarov - Senators : 1 - Eagles : 5.
16:58 of 2nd period - David Gustafsson wins face-off versus Martin Chromiak in neutral zone.
17:09 of 2nd period - Shot by David Gustafsson.
17:09 of 2nd period - Deflect By Cooper Marody.
17:09 of 2nd period - Shot Misses the Net.
18:23 of 2nd period - Shot by Aliaksei Protas.
18:23 of 2nd period - Shot Misses the Net.
18:55 of 2nd period - Shot by Tyler Bozak.
18:55 of 2nd period - Stopped by Filip Larsson without a rebound.
18:56 of 2nd period - Ben Jones wins face-off versus Daniel Audette in Senators zone.
19:29 of 2nd period - Shot by Jacob Peterson.
19:29 of 2nd period - Stopped by Filip Larsson without a rebound.
19:30 of 2nd period - Tyler Bozak wins face-off versus Adam Beckman in Senators zone.
19:31 of 2nd period - Shot by David Gustafsson.
19:31 of 2nd period - Stopped by Filip Larsson without a rebound.
19:32 of 2nd period - Adam Beckman wins face-off versus Tyler Bozak in Senators zone.
19:42 of 2nd period - Off-side.
19:43 of 2nd period - Jamieson Rees wins face-off versus Luke Glendening in neutral zone.
19:45 of 2nd period - Off-side.
19:46 of 2nd period - Ben Jones wins face-off versus Luke Glendening in neutral zone.
19:53 of 2nd period - Shot by Wade Allison.
19:53 of 2nd period - Shot Hit the Post.
Goals for this period are 1 for Senators vs 1 for Eagles.
Shots for this period are 6 for Senators vs 14 for Eagles.

3rd period


0:01 of 3rd period - Luke Glendening wins face-off versus Aliaksei Protas in neutral zone.
0:10 of 3rd period - Shot by Luke Glendening.
0:10 of 3rd period - Stopped by Filip Larsson with a rebound.
0:12 of 3rd period - Shot by William Lockwood.
0:12 of 3rd period - Stopped by Filip Larsson without a rebound.
0:13 of 3rd period - Wade Allison wins face-off versus David Gustafsson in Senators zone.
0:13 of 3rd period - Minor Penalty to Cooper Marody for Tripping.
0:14 of 3rd period - Aliaksei Protas wins face-off versus Luke Glendening in Eagles zone.
1:20 of 3rd period - Shot by Wade Allison.
1:20 of 3rd period - Deflect By Aleksi Heponiemi.
1:20 of 3rd period - Shot Misses the Net.
1:22 of 3rd period - Shot by Wade Allison.
1:22 of 3rd period - Shot Misses the Net.
1:24 of 3rd period - Shot by Wade Allison.
1:24 of 3rd period - Deflect By Ben Jones.
1:24 of 3rd period - Shot Blocked by William Lockwood.
1:26 of 3rd period - Shot by Ben Jones.
1:26 of 3rd period - Stopped by Cory Schneider with a rebound.
1:38 of 3rd period - Shot by Joey Keane.
1:38 of 3rd period - Stopped by Cory Schneider without a rebound.
1:39 of 3rd period - Luke Glendening wins face-off versus Aliaksei Protas in Eagles zone.
2:17 of 3rd period - Icing by Niklas Hansson.
2:18 of 3rd period - Adam Beckman wins face-off versus Daniel Audette in Eagles zone.
2:32 of 3rd period - Adam Beckman is hit by Cooper Marody and loses puck.
3:07 of 3rd period - Adam Beckman is hit by David Gustafsson and loses puck.
3:36 of 3rd period - Shot by David Gustafsson.
3:36 of 3rd period - Shot Blocked by Layton Ahac.
4:00 of 3rd period - Mark Giordano is hit by Ben Jones and loses puck.
4:25 of 3rd period - Shot by Ben Jones.
4:25 of 3rd period - Stopped by Cory Schneider without a rebound.
4:26 of 3rd period - David Gustafsson wins face-off versus Aliaksei Protas in Eagles zone.
5:24 of 3rd period - Shot by Ben Jones.
5:24 of 3rd period - Shot Misses the Net.
5:26 of 3rd period - Shot by Aleksi Heponiemi.
5:26 of 3rd period - Goal by Aleksi Heponiemi - Senators : 2 - Eagles : 5.
5:27 of 3rd period - Luke Glendening wins face-off versus Jamieson Rees in neutral zone.
5:50 of 3rd period - Icing by Zac Jones.
5:51 of 3rd period - Radek Faksa wins face-off versus Jamieson Rees in Senators zone.
6:53 of 3rd period - Off-side.
6:54 of 3rd period - David Gustafsson wins face-off versus Adam Beckman in neutral zone.
7:15 of 3rd period - Shot by Jacob Peterson.
7:15 of 3rd period - Stopped by Filip Larsson without a rebound.
7:16 of 3rd period - Luke Glendening wins face-off versus Aliaksei Protas in Senators zone.
7:51 of 3rd period - Shot by Leo Komarov.
7:51 of 3rd period - Stopped by Filip Larsson without a rebound.
7:52 of 3rd period - David Gustafsson wins face-off versus Ben Jones in Senators zone.
7:52 of 3rd period - Kris Russell is hit by Jack Rathbone and loses puck.
7:59 of 3rd period - Shot by Jacob Peterson.
7:59 of 3rd period - Shot Misses the Net.
8:01 of 3rd period - Shot by Jacob Peterson.
8:01 of 3rd period - Shot Misses the Net.
8:03 of 3rd period - Shot by Kris Russell.
8:03 of 3rd period - Stopped by Filip Larsson with a rebound.
8:11 of 3rd period - Shot by Cooper Marody.
8:11 of 3rd period - Stopped by Filip Larsson without a rebound.
8:12 of 3rd period - Tyler Bozak wins face-off versus Adam Beckman in Senators zone.
8:23 of 3rd period - Shot by Matej Paulovic.
8:23 of 3rd period - Shot Misses the Net.
8:25 of 3rd period - Shot by David Gustafsson.
8:25 of 3rd period - Stopped by Filip Larsson without a rebound.
8:26 of 3rd period - Ben Jones wins face-off versus Luke Glendening in Senators zone.
10:08 of 3rd period - Icing by Ty Emberson.
10:09 of 3rd period - Radek Faksa wins face-off versus Martin Chromiak in Eagles zone.
10:09 of 3rd period - Radek Faksa is hit by Martin Chromiak.
10:20 of 3rd period - Shot by Ryan Merkley.
10:20 of 3rd period - Shot Misses the Net.
10:22 of 3rd period - Shot by Adam Beckman.
10:22 of 3rd period - Shot Misses the Net.
10:26 of 3rd period - Shot by Martin Chromiak.
10:26 of 3rd period - Shot Misses the Net.
10:30 of 3rd period - Shot by Adam Beckman.
10:30 of 3rd period - Stopped by Cory Schneider with a rebound.
10:32 of 3rd period - Shot by Layton Ahac.
10:32 of 3rd period - The goal is going for a video replay.
10:32 of 3rd period - The goal is good.
10:32 of 3rd period - Goal by Layton Ahac - Senators : 3 - Eagles : 5.
10:33 of 3rd period - Luke Glendening wins face-off versus Ben Jones in neutral zone.
10:48 of 3rd period - Shot by Ben Jones.
10:48 of 3rd period - Shot Misses the Net.
10:50 of 3rd period - Shot by Aleksi Heponiemi.
10:50 of 3rd period - Shot Misses the Net.
10:52 of 3rd period - Shot by Zac Jones.
10:52 of 3rd period - Shot Blocked by Kris Russell.
11:06 of 3rd period - Zac Jones is hit by William Lockwood and loses puck.
11:52 of 3rd period - Icing by Joey Keane.
11:53 of 3rd period - Tyler Bozak wins face-off versus Jamieson Rees in Senators zone.
11:58 of 3rd period - Shot by Ty Emberson.
11:58 of 3rd period - Shot Misses the Net.
12:00 of 3rd period - Shot by Ty Emberson.
12:00 of 3rd period - Shot Misses the Net.
12:02 of 3rd period - Shot by Tyler Bozak.
12:02 of 3rd period - Shot Misses the Net.
12:04 of 3rd period - Shot by Tyler Bozak.
12:04 of 3rd period - Stopped by Filip Larsson without a rebound.
12:05 of 3rd period - Adam Beckman wins face-off versus Radek Faksa in Senators zone.
12:28 of 3rd period - Adam Beckman is hit by Kris Russell and loses puck.
12:43 of 3rd period - Shot by Martin Chromiak.
12:43 of 3rd period - Shot Misses the Net.
12:53 of 3rd period - Antoine Roussel is hit by Radek Faksa and loses puck.
13:08 of 3rd period - Shot by Jacob Peterson.
13:08 of 3rd period - Stopped by Filip Larsson with a rebound.
13:10 of 3rd period - Shot by Dan Renouf.
13:10 of 3rd period - Stopped by Filip Larsson without a rebound.
13:11 of 3rd period - Tyler Bozak wins face-off versus Jamieson Rees in Senators zone.
13:23 of 3rd period - Shot by Ty Emberson.
13:23 of 3rd period - Stopped by Filip Larsson without a rebound.
13:24 of 3rd period - Ben Jones wins face-off versus David Gustafsson in Senators zone.
13:29 of 3rd period - Ben Jones is hit by Cooper Marody and loses puck.
13:52 of 3rd period - Shot by David Gustafsson.
13:52 of 3rd period - Shot Misses the Net.
13:54 of 3rd period - Shot by Dan Renouf.
13:54 of 3rd period - Shot Blocked by Jack Rathbone.
13:56 of 3rd period - Shot by David Gustafsson.
13:56 of 3rd period - Stopped by Filip Larsson without a rebound.
13:57 of 3rd period - Luke Glendening wins face-off versus Aliaksei Protas in Senators zone.
13:58 of 3rd period - Shot by Marc-Edouard Vlasic.
13:58 of 3rd period - Shot Misses the Net.
14:05 of 3rd period - Zac Jones is hit by Kris Russell and loses puck.
14:25 of 3rd period - Zac Jones is hit by William Lockwood and loses puck.
14:29 of 3rd period - Off-side.
14:30 of 3rd period - David Gustafsson wins face-off versus Adam Beckman in neutral zone.
14:43 of 3rd period - Shot by Adam Beckman.
14:43 of 3rd period - Shot Blocked by David Gustafsson.
14:47 of 3rd period - Shot by Joey Keane.
14:47 of 3rd period - Shot Blocked by Ty Emberson.
14:49 of 3rd period - Shot by Theodor Niederbach.
14:49 of 3rd period - Shot Misses the Net.
14:55 of 3rd period - Shot by Joey Keane.
14:55 of 3rd period - Stopped by Cory Schneider with a rebound.
14:57 of 3rd period - Shot by Martin Chromiak.
14:57 of 3rd period - Stopped by Cory Schneider with a rebound.
15:26 of 3rd period - Icing by Ryan Merkley.
15:27 of 3rd period - Luke Glendening wins face-off versus Ben Jones in Senators zone.
15:57 of 3rd period - Shot by Wade Allison.
15:57 of 3rd period - Stopped by Cory Schneider without a rebound.
15:58 of 3rd period - Aliaksei Protas wins face-off versus Radek Faksa in Eagles zone.
16:21 of 3rd period - Shot by Radek Faksa.
16:21 of 3rd period - Shot Misses the Net.
16:23 of 3rd period - Shot by Radek Faksa.
16:23 of 3rd period - Shot Misses the Net.
16:25 of 3rd period - Shot by Mark Giordano.
16:25 of 3rd period - Stopped by Filip Larsson without a rebound.
16:26 of 3rd period - Tyler Bozak wins face-off versus Adam Beckman in Senators zone.
16:50 of 3rd period - Shot by Tyler Bozak.
16:50 of 3rd period - Stopped by Filip Larsson without a rebound.
16:51 of 3rd period - Aliaksei Protas wins face-off versus Luke Glendening in Senators zone.
17:08 of 3rd period - Shot by Aliaksei Protas.
17:08 of 3rd period - Stopped by Cory Schneider without a rebound.
17:09 of 3rd period - David Gustafsson wins face-off versus Ben Jones in Eagles zone.
17:13 of 3rd period - Icing by Kris Russell.
17:14 of 3rd period - David Gustafsson wins face-off versus Aliaksei Protas in Eagles zone.
17:14 of 3rd period - Jacob Peterson is hit by Antoine Roussel and loses puck.
17:47 of 3rd period - Shot by Antoine Roussel.
17:47 of 3rd period - Stopped by Cory Schneider without a rebound.
17:48 of 3rd period - Luke Glendening wins face-off versus Ben Jones in Eagles zone.
18:03 of 3rd period - Shot by Wade Allison.
18:03 of 3rd period - Shot Misses the Net.
18:05 of 3rd period - Shot by Joey Keane.
18:05 of 3rd period - Stopped by Cory Schneider without a rebound.
18:06 of 3rd period - Brayden Burke wins face-off versus Adam Beckman in Eagles zone.
18:06 of 3rd period - Brayden Burke is hit by Adam Beckman.
18:20 of 3rd period - Icing by Theodor Niederbach.
18:21 of 3rd period - Adam Beckman wins face-off versus William Lockwood in Senators zone.
18:21 of 3rd period - Adam Beckman is hit by Leo Komarov.
18:56 of 3rd period - Shot by Leo Komarov.
18:56 of 3rd period - Shot Blocked by Ryan Merkley.
19:30 of 3rd period - Shot by Antoine Roussel.
19:30 of 3rd period - Goal by Antoine Roussel - Senators : 4 - Eagles : 5.
19:31 of 3rd period - Luke Glendening wins face-off versus Aliaksei Protas in neutral zone.
Goals for this period are 3 for Senators vs 0 for Eagles.
Shots for this period are 13 for Senators vs 14 for Eagles.